 Dungeon Crawl Stone Soup version 0.21-a0-513-gdcb3f5e (webtiles) character file.

156 Firecrotchwizard the Insei (level 5, -5/40 HPs)
             Began as a Gnoll Transmuter on Dec 3, 2017.
             Was an Initiate of Ru.
             Slain by a hippogriff (8 damage)
             ... on level 3 of the Dungeon.
             The game lasted 00:06:18 (1944 turns).

Firecrotchwizard the Insei (Gnoll Transmuter)       Turns: 1944, Time: 00:06:18

Health: -5/40      AC:  6    Str: 12    XL:     5   Next: 37%
Magic:  12/12      EV: 13    Int: 16    God:    Ru [......]
Gold:   89         SH:  0    Dex: 16    Spells: 11/14 levels left

rFire    . . .     SeeInvis .     - Unarmed
rCold    . . .     Gourm    .   (no shield)
rNeg     . . .     Faith    .   u - +0 ring mail
rPois    .         Spirit   .   g - +0 helmet
rElec    .         Reflect  .   (no cloak)
rCorr    .         Harm     .   (no gloves)
MR       .....                  (boots currently unavailable)
Stlth    +.........             (no amulet)
HPRegen  0.13/turn              h - ring of flight {+Fly, !d}
MPRegen  0.13/turn              (no ring)

@: appendage
A: distributed training, fangs 1, talons 3, strong nose
a: End Transformation, Renounce Religion, Evoke Flight


You were on level 3 of the Dungeon.
You worshipped Ru.
Ru was noncommittal.
You were not hungry.
You had grown temporary talons.
You visited 1 branch of the dungeon, and saw 3 of its levels.

You collected 89 gold pieces.

Inventory:

Hand Weapons
 s - a +1 whip of venom
   (You took it off a gnoll on level 2 of the Dungeon)
Missiles
 a - 50 arrows
 t - 2 throwing nets {=f, !d}
Armour
 b - a +0 robe
 g - a +0 helmet (worn)
   (You found it on level 2 of the Dungeon)
 u - a +0 ring mail (worn)
   (You found it on level 2 of the Dungeon)
Jewellery
 h - a ring of flight (left hand) {+Fly, !d}
   (You found it on level 1 of the Dungeon)
Scrolls
 f - 3 scrolls of enchant weapon {unknown}
 k - a scroll of fear {unknown}
 m - a scroll of fog {unknown}
 p - a scroll of teleportation {unknown}
 q - a scroll of random uselessness {unknown}
 r - a scroll of remove curse {unknown}
 w - a scroll of identify {unknown}
Potions
 e - 2 potions of heal wounds {unknown}
 i - a potion of haste
 l - 2 potions of might {unknown}
 n - a potion of resistance {unknown}
 v - a potion of degeneration {unknown}
Books
 c - a book of Changes
Comestibles
 d - a bread ration {@e1}
 j - a meat ration {@e2}


   Skills:
 + Level 2.9 Fighting
 + Level 1.4 Short Blades
 + Level 1.4 Long Blades
 + Level 1.4 Axes
 + Level 1.4 Maces & Flails
 + Level 1.4 Polearms
 + Level 1.4 Staves
 + Level 1.4 Slings
 + Level 1.4 Bows
 + Level 1.4 Crossbows
 + Level 1.4 Throwing
 + Level 1.4 Armour
 + Level 4.7 Dodging
 + Level 1.4 Stealth
 + Level 1.4 Shields
 + Level 6.7 Unarmed Combat
 + Level 5.2 Spellcasting
 + Level 1.1 Conjurations
 + Level 1.1 Hexes
 + Level 1.1 Charms
 + Level 1.1 Summonings
 + Level 1.1 Necromancy
 + Level 1.1 Translocations
 + Level 3.9 Transmutations
 + Level 1.1 Fire Magic
 + Level 1.1 Ice Magic
 + Level 1.1 Air Magic
 + Level 1.1 Earth Magic
 + Level 1.1 Poison Magic
 + Level 1.6 Invocations
 + Level 1.4 Evocations


You had 11 spell levels left.
You knew the following spells:

 Your Spells              Type           Power        Failure   Level  Hunger
a - Beastly Appendage     Tmut           ###...       6%          1    None
s - Sticks to Snakes      Tmut           ###.....     10%         2    #......


Dungeon Overview and Level Annotations

Branches:
Dungeon (3/15)

Altars:
Ru


Innate Abilities, Weirdness & Mutations

Your experience applies equally to all skills.
You have very sharp teeth.
Your uncanny sense of smell can sniff out nearby items.
You have claws for feet.


Message History

o - 7 chunks of flesh {@w0} (gained 1)
You now have 89 gold pieces (gained 15).
There is a stone staircase leading down here.
A bat comes into view.
A bat is nearby!
The bat hits you but does no damage.
You closely miss the bat. The bat misses you.
You hit the bat.
You kill the bat!
No target in view!
No target in view!
There is a stone staircase leading down here.
Some of the chunks of flesh in your inventory have rotted away.
w - a scroll labeled EKLUTEIJIUN Some of the chunks of flesh in your inventory have rotted away.
Eating one of 5 chunks of flesh {@w0}.
You eat one of the 5 chunks of flesh {@w0}.
Some of the chunks of flesh in your inventory have rotted away.
e - 2 puce potions (gained 1)
A frilled lizard comes into view.
The frilled lizard hisses angrily.
The frilled lizard moves out of view.
The frilled lizard is too close now for your liking.
A frilled lizard is nearby!
A frilled lizard is nearby!
The frilled lizard closely misses you.
Your ring mail prevents you from hitting the frilled lizard.
The frilled lizard misses you.
You miss the frilled lizard. The frilled lizard misses you.
You miss the frilled lizard.
The frilled lizard bites you but does no damage.
You miss the frilled lizard. The frilled lizard closely misses you.
You hit the frilled lizard. The frilled lizard barely misses you.
You punch the frilled lizard!
You kill the frilled lizard!
No target in view!
Some of the chunks of flesh in your inventory have rotted away.
Found a stone staircase leading up.
Things that are here:
a club; a flail All of the chunks of flesh in your inventory have rotted away.
There is a stone staircase leading up here.
Done exploring.
Done exploring.
(D) Dungeon
Where to? (? - help)
There is a stone staircase leading down here.
You climb downwards.
There is a stone staircase leading up here.
A hippogriff comes into view.
Your feet morph into talons.
You now have 11/12 mp.
Found a stone staircase leading down.
A rat comes into view.
You closely miss the hippogriff. Your kick misses the hippogriff.
You hit the hippogriff. Your kick misses the hippogriff.
The hippogriff barely misses you.
The hippogriff pecks you but does no damage.
The hippogriff claws you!
You take 7 damage, and have 33/40 hp.
You barely miss the hippogriff. You claw the hippogriff.
You bite the hippogriff, but do no damage.
The hippogriff bites you. The hippogriff pecks you. The hippogriff claws you!
You take 12 damage, and have 21/40 hp.
MASSIVE DAMAGE!!
You hit the hippogriff. Your kick misses the hippogriff.
The hippogriff closely misses you.
The hippogriff pecks you but does no damage.
The hippogriff completely misses you.
You hit the hippogriff but do no damage.
You claw the hippogriff, but do no damage.
The hippogriff misses you.
The hippogriff pecks you but does no damage.
The hippogriff closely misses you.
MP restored: 12 You hit the hippogriff but do no damage.
The hippogriff bites you. The hippogriff closely misses you.
The hippogriff claws you.
You take 1 damage, and have 20/40 hp.
You closely miss the hippogriff. You claw the hippogriff.
The hippogriff barely misses you. The hippogriff pecks you.
The hippogriff claws you but does no damage.
You take 3 damage, and have 17/40 hp.
You hit the hippogriff. You claw the hippogriff.
You bite the hippogriff, but do no damage.
The hippogriff bites you. The hippogriff barely misses you.
The hippogriff claws you.
You take 4 damage, and have 13/40 hp.
You hit the hippogriff. The rat bites you but does no damage.
You hit the hippogriff. The hippogriff bites you.
* * * LOW HITPOINT WARNING * * *
The hippogriff pecks you.
* * * LOW HITPOINT WARNING * * *
The hippogriff claws you.
* * * LOW HITPOINT WARNING * * *
The rat misses you.
You take 10 damage, and have 3/40 hp.
MASSIVE DAMAGE!!
You hit the hippogriff. The hippogriff bites you!
You die...

#..# .# ...
.#### # #.. ....
#.#.. .>.
##.#..#..
#....... #..rH#
#..@# ..#..#.#
#... #.##
#....#..#
#....##.########
##...#..........
#......########
#.............
#.#.#.########


You could see a hippogriff and a rat.

Vanquished Creatures
  7 gnolls
  2 adders (D:2)
  2 oozes
  3 worms (D:2)
  2 dart slugs
  3 giant cockroaches
  4 goblins
  5 hobgoblins (D:1)
  6 jackals (D:2)
  A quokka (D:2)
  5 bats
  2 frilled lizards (D:2)
  4 kobolds (D:2)
  5 rats
51 creatures vanquished.

Notes
Turn   | Place    | Note
-------+----------+-------------------------------------------
     0 | D:1      | Firecrotchwizard the Gnoll Transmuter began the quest for the Orb.
     0 | D:1      | Reached XP level 1. HP: 17/17 MP: 6/6
   130 | D:1      | Reached XP level 2. HP: 23/23 MP: 7/7
   438 | D:1      | Learned a level 2 spell: Sticks to Snakes
   482 | D:1      | Reached XP level 3. HP: 19/28 MP: 7/9
   499 | D:1      | Reached skill level 5 in Spellcasting
   703 | D:1      | You fall through a shaft!
   714 | D:2      | Reached skill level 1 in Invocations
   720 | D:2      | HP: 7/28 [jackal (1)]
   731 | D:2      | Reached skill level 1 in Short Blades
   731 | D:2      | Reached skill level 1 in Long Blades
   731 | D:2      | Reached skill level 1 in Axes
   731 | D:2      | Reached skill level 1 in Maces & Flails
   731 | D:2      | Reached skill level 1 in Polearms
   731 | D:2      | Reached skill level 1 in Staves
   731 | D:2      | Reached skill level 1 in Slings
   731 | D:2      | Reached skill level 1 in Bows
   731 | D:2      | Reached skill level 1 in Crossbows
   731 | D:2      | Reached skill level 1 in Throwing
   731 | D:2      | Reached skill level 1 in Armour
   731 | D:2      | Reached skill level 1 in Stealth
   731 | D:2      | Reached skill level 1 in Shields
   731 | D:2      | Reached skill level 1 in Evocations
   741 | D:2      | Reached XP level 4. HP: 12/34 MP: 9/11
   743 | D:2      | HP: 5/34 [gnoll/club (7)]
   752 | D:2      | HP: 1/34 [gnoll (5)]
  1155 | D:2      | Reached skill level 1 in Conjurations
  1155 | D:2      | Reached skill level 1 in Hexes
  1155 | D:2      | Reached skill level 1 in Charms
  1155 | D:2      | Reached skill level 1 in Summonings
  1155 | D:2      | Reached skill level 1 in Necromancy
  1155 | D:2      | Reached skill level 1 in Translocations
  1155 | D:2      | Reached skill level 1 in Fire Magic
  1155 | D:2      | Reached skill level 1 in Ice Magic
  1155 | D:2      | Reached skill level 1 in Air Magic
  1155 | D:2      | Reached skill level 1 in Earth Magic
  1155 | D:2      | Reached skill level 1 in Poison Magic
  1288 | D:2      | Found a sacrificial altar of Ru.
  1300 | D:2      | Reached XP level 5. HP: 28/40 MP: 12/12
  1395 | D:2      | Became a worshipper of Ru the Awakened
  1929 | D:3      | Noticed a hippogriff
  1943 | D:3      | HP: 7/40 [hippogriff (6)]
  1943 | D:3      | HP: 3/40 [hippogriff (3)]
  1944 | D:3      | Slain by a hippogriff

Vault maps used:
D:1:      saegor_arrival_simple_d, minmay_pentomino_s2
D:2:      lemuel_round_altar
D:3:      wad_river_or_something, makhleb_grotto_becter, first_bread,
          eino_tiny_chamber, minmay_door_square, minmay_unequal, uniq_ijyb

Skill      XL: |  1  2  3  4 |
---------------+-------------+-----
Spellcasting   | 5 |  5.2
Invocations    | 1 |  1.6
Short Blades   | 1 |  1.4
Long Blades    | 1 |  1.4
Axes           | 1 |  1.4
Maces & Flails | 1 |  1.4
Polearms       | 1 |  1.4
Staves         | 1 |  1.4
Slings         | 1 |  1.4
Bows           | 1 |  1.4
Crossbows      | 1 |  1.4
Throwing       | 1 |  1.4
Armour         | 1 |  1.4
Stealth        | 1 |  1.4
Shields        | 1 |  1.4
Evocations     | 1 |  1.4
Conjurations   | 1 |  1.1
Hexes          | 1 |  1.1
Charms         | 1 |  1.1
Summonings     | 1 |  1.1
Necromancy     | 1 |  1.1
Translocations | 1 |  1.1
Fire Magic     | 1 |  1.1
Ice Magic      | 1 |  1.1
Air Magic      | 1 |  1.1
Earth Magic    | 1 |  1.1
Poison Magic   | 1 |  1.1
Fighting       | |  2.9
Dodging        | |  4.7
Unarmed Combat | |  6.7
Transmutations | |  3.9

Action                   |  1- 3 |  4- 6 || total
-------------------------+-------+-------++-------
Melee: Unarmed           |    63 |    81 ||   144
       Bite              |     4 |     7 ||    11
       Headbutt          |     6 |     1 ||     7
       Punch             |     2 |     3 ||     5
       Kick              |     2 |    17 ||    19
 Cast: Beastly Appendage |     5 |     4 ||     9
  Use: Potion            |     3 |       ||     3
 Stab: Sleeping          |     1 |     1 ||     2
  Eat: Chunk             |       |     3 ||     3
Armor: Robe              |     8 |     3 ||    11
       Ring mail         |       |    12 ||    12
Dodge: Dodged            |    47 |    60 ||   107

Table legend:
 A = Spawn XP
 B = Non-spawn XP
 C = Spawn XP percentage of total XP
 D = Spawn monster count
 E = Non-spawn monster count
 F = Spawn count percentage of total count
 G = Total turns spent on level
                    A         B        C        D         E        F      G
               +---------+---------+-------+---------+---------+-------+---------
         Total |       0 |     223 |   0.0 |       0 |      51 |   0.0 |  1944
               +---------+---------+-------+---------+---------+-------+---------
           D:1 |       0 |      49 |   0.0 |       0 |      18 |   0.0 |   703
           D:2 |       0 |     174 |   0.0 |       0 |      33 |   0.0 |  1214
               +---------+---------+-------+---------+---------+-------+---------

Vault maps used:
D:1:      saegor_arrival_simple_d, minmay_pentomino_s2
D:2:      lemuel_round_altar
D:3:      wad_river_or_something, makhleb_grotto_becter, first_bread,
          eino_tiny_chamber, minmay_door_square, minmay_unequal, uniq_ijyb

Table legend:
 A = Turns spent in this place as a percentage of turns spent in the entire game.
 B = Non-inter-level travel turns spent in this place as a percentage of non-inter-level travel turns spent in the entire game.
 C = Inter-level travel turns spent in this place as a percentage of turns spent in this place.
 D = Turns resting spent in this place as a percentage of non-inter-level travel turns spent in this place.
 E = Turns spent auto-exploring this place as a percentage of non-inter-level travel turns spent in this place.
 F = Non-inter-level travel turns spent in this place divided by the number of levels of this place that you've seen.
                   A       B       C       D       E      F
               +-------+-------+-------+-------+-------+----------------------
         Total | 100.0 | 100.0 |   1.4 |  30.9 |  51.3 | 638.7
       Dungeon | 100.0 | 100.0 |   1.4 |  30.9 |  51.3 | 638.7
               +-------+-------+-------+-------+-------+----------------------

Table legend:
 A = Kills in this place as a percentage of kills in entire the game.
 B = Kills by you in this place as a percentage of kills by you in the entire game.
 C = Kills by friends in this place as a percentage of kills by friends in the entire game.
 D = Other kills in this place as a percentage of other kills in the entire game.
 E = Experience gained in this place as a percentage of experience gained in the entire game.
 F = Experience gained in this place divided by the number of levels of this place that you have seen.
                   A       B       C       D       E      F
               +-------+-------+-------+-------+-------+----------------------
         Total | 100.0 | 100.0 |   N/A |   N/A | 100.0 |  74.3
       Dungeon | 100.0 | 100.0 |   N/A |   N/A | 100.0 |  74.3
               +-------+-------+-------+-------+-------+----------------------
